 Dungeon Crawl Stone Soup version 0.28-a0-1143-gcf6077d4cc (webtiles) character file.

Game seed: 1034099875739195843

2 spaghetti the Sneak (level 1, -6/19 HPs)
             Began as a Ghoul Delver on Dec 14, 2021.
             Killed by divine providence
             ... invoked by an orc priest
              (15 damage)
             ... on level 5 of the Dungeon.
             The game lasted 00:00:12 (33 turns).

spaghetti the Sneak (Ghoul Delver)                    Turns: 33, Time: 00:00:13

Health: -6/19      AC:  3    Str: 15    XL:     1   Next: 30%
Magic:  0/0        EV: 11    Int:  5    God:
Gold:   17         SH:  0    Dex: 10    Spells: 0/0 levels left

rFire   . . .      SeeInvis .     - Unarmed
rCold   + . .      Faith    .   (no shield)
rNeg    + + +      Spirit   .   a - +0 leather armour
rPois   ∞          Reflect  .   (no helmet)
rElec   .          Harm     .   (no cloak)
rCorr   .          Rampage  .   (no gloves)
Will    .....                   (no boots)
Stlth   +++.......              (no amulet)
HPRegen 0.00/turn               (no ring)
MPRegen 0.07/turn               (no ring)

@: inhibited regen
A: claws 1, cold resistance 1, negative energy resistance 3, inhibited
regeneration, torment resistance 2
a: no special abilities


You were on level 5 of the Dungeon.
You visited 1 branch of the dungeon, and saw 1 of its levels.

You collected 17 gold pieces.


Innate Abilities, Weirdness & Mutations

You thrive by killing the living.
You are immune to poison.
You have sharp fingernails.
Your flesh is cold resistant. (rC+)
You are immune to negative energy. (rN+++)
You do not regenerate when monsters are visible.
You are immune to unholy pain and torment.


   Skills:
 - Level 3.2 Fighting
 - Level 1.7 Dodging
 + Level 5.6 Stealth
 - Level 2.1 Unarmed Combat


You couldn't memorise any spells.
You didn't know any spells.
Your spell library was empty.

Inventory:

Hand Weapons
 g - a +0 mace {mace}
   (You found it on level 5 of the Dungeon)
Armour
 a - a +0 leather armour (worn)
Wands
 f - a wand of digging (3)
Scrolls
 b - a scroll of fog
 c - a scroll of magic mapping {!r}
 d - a scroll of fear
Potions
 e - a potion of haste {@q3}

Dungeon Overview and Level Annotations

Branches:
Dungeon (5/15)
 Temple: D:4-7

Altars:

h..... #####....
...o..###.......
.......#.(....# #!
....>.o........#...
.....<.)..?#.......
.!.. #o....?...#
.#..####.....#...#
..........o......#
.........^.@##.!..
.#..........###...
.#............(..##..
...............#....#
.............#.......
.....................
..#..................
.....................
.....................


You could see an orc priest and 3 orcs.


Message History

🤖 Initializing magus.rc ...
Options error: Delay interrupt name "hungry" not recognised. (~/.crawlrc:4771) ✅ Successfully initialized magus.rc [v1.9.6] Welcome, spaghetti the Ghoul Delver.
Will you prevail where others failed? Will you find the Orb of Zot?
Press ? for a list of commands and other information.
Found 17 gold pieces and 19 sling bullets.
Found a stone staircase leading down.
Found a stone staircase leading up.
You now have 17 gold pieces.
g - a +0 mace {mace} No target in view!
h - a scroll labelled TECUIFROIQ An orc comes into view.
It is wielding a +0 short sword.
Found an escape hatch in the floor.
Found a stone staircase leading up.
As you read the scroll labelled TECUIFROIQ, it crumbles to dust.
You feel a surge of unholy energy.
The orc convulses!
It was a scroll of torment.
Unknown command.
Unknown command.
An orc is nearby! 2 orcs come into view.
You scratch the orc but do no damage.
The orc hits you with a +0 short sword. 😕 HP[-3]
You take 3 damage, and now have 16/19 hp.
You closely miss the orc.
The orc hits you with a +0 short sword. 😕 HP[-1]
You take 1 damage, and now have 15/19 hp.
You barely miss the orc. The orc barely misses you.
You scratch the orc.
You kill the orc!
You closely miss the orc. The orc hits you but does no damage.
You barely miss the orc. You scratch the orc.
The orc shouts!
You hear a shout!
You hear a howl!
The orc completely misses you.
An orc priest comes into view. It is wielding a +0 hand axe.
You barely miss the orc. The orc hits you with a +0 falchion.
* * * LOW HITPOINT WARNING * * *
You are too injured to fight recklessly! 😨 HP[-6]
You take 6 damage, and now have 9/19 hp.
MASSIVE DAMAGE!! (PAUSE) Unknown command.
You scratch the orc. The orc closely misses you.
An orc comes into view. It is wielding a +0 flail.
The orc shouts!
You scratch the orc but do no damage.
You hear an angry hiss.
The orc barely misses you.
A howler monkey comes into view.
Okay, then.
Okay, then.
The orc priest invokes the aid of Beogh against you.
Beogh smites you!
Ouch! That really hurt!
You die...

Action                   || total
-------------------------++-------
Melee: Unarmed           ||    10
  Use: Scroll            ||     1
Armor: Leather armour    ||     1
Dodge: Dodged            ||     4

Levels and vault maps discovered:
D:5:      layout_rooms, uniq_ijyb

Notes
Turn   | Place    | Note
-------+----------+-------------------------------------------
     0 | D:5      | spaghetti the Ghoul Delver began the quest for the Orb.
     0 | D:5      | Reached XP level 1. HP: 19/19 MP: 0/0
     0 | D:5      | magus.rc [v1.9.6]
    27 | D:5      | Noticed an orc priest
    30 | D:5      | Noticed a howler monkey
    33 | D:5      | Killed from afar by an orc priest

Vanquished Creatures
  An orc (D:5)
1 creature vanquished.

Table legend:
 A = Non-vault XP
 B = Vault XP
 C = Vault XP percentage of total XP
 D = Non-vault monster count
 E = Vault monster count
 F = Vault count percentage of total count
                 A         B        C        D         E       F
            +---------+---------+-------+---------+---------+-------
      Total |       3 |       0 |   0.0 |       1 |       0 |   0.0
            +---------+---------+-------+---------+---------+-------
        D:5 |       3 |       0 |   0.0 |       1 |       0 |   0.0
            +---------+---------+-------+---------+---------+-------

Illustrated notes

Table legend:
 A = Kills in this place as a percentage of kills in entire the game.
 B = Kills by you in this place as a percentage of kills by you in the entire game.
 C = Kills by friends in this place as a percentage of kills by friends in the entire game.
 D = Other kills in this place as a percentage of other kills in the entire game.
 E = Experience gained in this place as a percentage of experience gained in the entire game.
 F = Experience gained in this place divided by the number of levels of this place that you have seen.
                   A       B       C       D       E      F
               +-------+-------+-------+-------+-------+----------------------
         Total | 100.0 | 100.0 |   N/A |   N/A | 100.0 |   3.0
       Dungeon | 100.0 | 100.0 |   N/A |   N/A | 100.0 |   3.0
               +-------+-------+-------+-------+-------+----------------------

Table legend: (Time is in decaauts)
 A = Elapsed time spent in this place.
 B = Non-inter-level travel time spent in this place.
 C = Inter-level travel time spent in this place.
 D = Time resting spent in this place.
 E = Time spent auto-exploring this place.
 F = Levels seen in this place.
 G = Mean time per level.
                   A        B        C        D        E       F      G
               +--------+--------+--------+--------+--------+-----+--------+
         Total |     32 |     32 |      0 |      0 |     12 |   1 |   32.0 |
       Dungeon |     32 |     32 |      0 |      0 |     12 |   1 |   32.0 |
               +--------+--------+--------+--------+--------+-----+--------+

Top non-repeatable levels by time:
     D:5: 32 daAuts
